 Dungeon Crawl Stone Soup version 0.22-a0-377-g846bec1a06 (webtiles) character file.

377639 Octomaniac the Gargoyle Cataclysm (level 22, -20/132 HPs)
             Began as a Gargoyle Fighter on Apr 25, 2018.
             Was a High Priest of Qazlal.
             Killed by Shatter
             ... invoked by Jorgrun
              (109 damage)
             ... on level 3 of the Vaults on Apr 27, 2018.
             The game lasted 03:16:01 (46448 turns).

Octomaniac the Gargoyle Cataclysm (GrFi)           Turns: 46448, Time: 03:16:02

Health: -20/132    AC: 47    Str: 33    XL:     22   Next: 81%
Magic:  31/38      EV: 19    Int: 10    God:    Qazlal [*****.]
Gold:   2432       SH: 30    Dex: 10    Spells: 21/21 levels left

rFire    + + +     SeeInvis .   G - +9 flail (freeze)
rCold    + + .     Gourm    .   l - +5 shield of Vehumet's Regard {rF++ MR+ Str+3 Int-5}
rNeg     + + .     Faith    .   w - +1 chain mail {rC+}
rPois    ∞         Spirit   .   F - +2 helmet
rElec    +         Reflect  +   b - +1 cloak "Sorysk" {rN+ Str+4 Dex-4}
rCorr    .         Harm     .   S - +2 pair of gloves
MR       ++...                  R - +2 pair of boots
Stlth    ..........             N - +3 amulet of reflection
HPRegen  0.32/turn              c - ring of the Death Scarab {rC+ EV+3 Stlth+}
MPRegen  0.26/turn              K - ring of Xuaply Ofyu {rF+ Int+4 Dex+3}

@: protected from physical damage, flying, studying Axes, repel missiles
A: big wings, negative energy resistance 1, electricity resistance, unbreathing,
petrification resistance, rot immunity, AC +16
}: 2/15 runes: barnacled, gossamer
a: Stop Flying, Upheaval, Elemental Force, Disaster Area, Renounce Religion


You were on level 3 of the Vaults.
You worshipped Qazlal.
Qazlal was extremely pleased with you.
You were not hungry.

You visited 8 branches of the dungeon, and saw 38 of its levels.
You also visited: Labyrinth and Sewer.

You collected 4620 gold pieces.
You spent 2188 gold pieces at shops.

Inventory:

Hand Weapons
 E - a +4 morningstar
 G - a +9 flail of freezing (weapon)
Armour
 b - the +1 cloak "Sorysk" (worn) {rN+ Str+4 Dex-4}
   (You found it on level 4 of the Dungeon)

   It affects your strength (+4).
   It affects your dexterity (-4).
   It protects you from negative energy.
 l - the +5 shield of Vehumet's Regard (worn) {rF++ MR+ Str+3 Int-5}
   (You found it on level 12 of the Dungeon)

   It affects your strength (+3).
   It affects your intelligence (-5).
   It greatly protects you from fire.
   It affects your resistance to hostile enchantments.
 w - a +1 chain mail of cold resistance (worn)
 F - a +2 helmet (worn)
 R - a +2 pair of boots (worn)
 S - a +2 pair of gloves (worn)
Jewellery
 c - the ring of the Death Scarab (left hand) {rC+ EV+3 Stlth+}
   (You bought it in a shop on level 2 of the Orcish Mines)

   [ring of evasion]

   It affects your evasion (+3).
   It protects you from cold.
   It makes you more stealthy.
 k - an uncursed ring of resist corrosion
 K - the ring of Xuaply Ofyu (right hand) {rF+ Int+4 Dex+3}
   (You bought it in a shop on level 2 of the Orcish Mines)

   [ring of dexterity]

   It affects your intelligence (+4).
   It affects your dexterity (+3).
   It protects you from fire.
 N - a +3 amulet of reflection (around neck)
 O - the ring of Tempters {rN+ Str+4 Int-2 SInv Stlth+}
   (You bought it in a shop on level 2 of the Orcish Mines)

   [ring of see invisible]

   It affects your strength (+4).
   It affects your intelligence (-2).
   It protects you from negative energy.
   It lets you see invisible.
   It makes you more stealthy.
Wands
 C - a wand of digging (27)
 H - a wand of paralysis (19)
 I - a wand of clouds (7)
 J - a wand of iceblast (12)
 U - a wand of acid (10)
 Z - a wand of scattershot (5)
Scrolls
 h - 8 scrolls of blinking
 m - 10 scrolls of teleportation
 n - a scroll of enchant weapon
 p - a scroll of brand weapon
 q - 15 scrolls of remove curse
 s - 4 scrolls of magic mapping
 t - 6 scrolls of amnesia {unknown}
 v - 3 scrolls of silence {unknown}
 x - a scroll of enchant armour
 y - 9 scrolls of fear
 B - 9 scrolls of fog
 D - 13 scrolls of identify
 W - 2 scrolls of holy word
 X - 4 scrolls of torment
Potions
 a - 3 potions of invisibility
 d - 4 potions of agility
 g - 3 potions of lignification
 i - 6 potions of haste
 o - 13 potions of curing
 r - a potion of berserk rage
 u - 7 potions of magic
 z - 6 potions of might
 A - 5 potions of brilliance
 L - 3 potions of resistance
 Q - a potion of ambrosia
 V - 3 potions of heal wounds
 Y - 2 potions of cancellation
Books
 P - a manual of Axes
Miscellaneous
 e - a phantom mirror
Comestibles
 f - 61 rations


   Skills:
 - Level 12.2 Fighting
 - Level 16.0 Maces & Flails
 - Level 15.0 Armour
 - Level 15.0 Dodging
 - Level 15.0 Shields
 + Level 24.0 Invocations


You had 21 spell levels left.
You didn't know any spells.

Dungeon Overview and Level Annotations

Branches:
Dungeon (15/15)            Temple (1/1) D:7            Lair (6/6) D:10
 Shoals (4/4) Lair:2       Spider (4/4) Lair:3        Slime (0/5) Lair:6
    Orc (2/2) D:11            Elf (3/3) Orc:2        Vaults (3/5) D:14
 Depths (0/5) D:15
  Crypt: Vaults:2-3

Altars:
Ashenzari
Cheibriados
Dithmenos
Elyvilon
Fedhas
Gozag
Hepliaklqana
Kikubaaqudgha
Makhleb
Nemelex Xobeh
Okawaru
Qazlal
Ru
Sif Muna
Trog
Uskayaw
Vehumet
Wu Jian
Xom
Yredelemnul
Zin
The Shining One
Beogh

Shops:
D:15 }   Orc:2 =([?=(**   Elf:2 *   Vaults:2 (

Annotations:
D:3 Grinder
D:9 1 runed door
Orc:1 1 transporter
Vaults:3 Jorgrun


Innate Abilities, Weirdness & Mutations

You are resistant to torment.
Your stone body is resilient. (AC +16)
You are immune to poison.
Your large and strong wings let you fly indefinitely.
You resist negative energy. (rN+)
You are resistant to electric shocks. (rElec)
You can survive without breathing.
You are immune to petrification.
You are immune to rotting.


Message History

Qazlal accepts your kill.
Your Invocations skill increases to level 24!
The yaktaur hits you but does no damage.
Jorgrun is engulfed in blazing flames.
You block Jorgrun's attack.
Unknown command.
You barely miss the yaktaur. You block the yaktaur's attack.
Unknown command.
You bludgeon the yaktaur!! You freeze the yaktaur.
The yaktaur is severely wounded.
Jorgrun is engulfed in blazing flames.
You block Jorgrun's attack.
Unknown command.
You bludgeon the yaktaur!! You freeze the yaktaur.
You kill the yaktaur!
Qazlal accepts your kill.
Jorgrun is engulfed in blazing flames.
Jorgrun gestures wildly while chanting.
The dungeon rumbles around Jorgrun!
You shudder from the earth-shattering force.
Ouch! That really hurt!
You die...

################################
..............................(.
........).....§......W...(...(†.
.....#((..)(.(...upc.uVu.†..)).
### #...))##(#######..(.u.)...
#.....#.)...§≈.#..........
#.....#.g@§≈≈≈§#..........
#.....#§)))§≈§≈#..........
#.....#≈≈)≈≈...####'######
#.....#§§§§§≈≈.##.#.#.#.#.
#.....#≈.(§<).(#..........
#.....#≈§..)...##......... ...
.#..§.§.§.#...#..#..#
.c#.....[..##.........
..#.[......(.....#.#..


You could see Jorgrun.

Vanquished Creatures
  Bai Suzhen (Vaults:2)
  Arachne (Spider:2)
  4 deep elf blademasters
  A kraken (Shoals:4)
  Polyphemus (Shoals:2)
  2 sphinxes
  Agnes (D:15)
  An eldritch tentacle (Spider:4)
  Kirke (Elf:1)
  The ghost of deadlypig the Severer, an adept HOFi of Makhleb (Shoals:2)
  A tengu reaver (Vaults:3)
  2 fire giants
  Ilsuiw (Shoals:4)
  A large abomination (Elf:3)
  A frost giant (Vaults:2)
  6 emperor scorpions
  8 deep elf sorcerers
  9 vault wardens
  2 ghost moths (Spider:4)
  An iron dragon (Vaults:3)
  5 deep elf elementalists (Elf:3)
  A ghoul (Vaults:3)
  14 ironheart preservers
  6 stone giants
  4 entropy weavers
  10 deep elf annihilators (Elf:3)
  A dire elephant (D:15)
  A vampire knight (Vaults:3)
  10 deep elf demonologists
  A minotaur (Lab)
  3 spark wasps (Spider:4)
  6 deep elf death magi (Elf:3)
  An ettin (D:11)
  2 merfolk javelineers
  6 merfolk impalers
  A fire dragon (Lair:6)
  3 yaktaur captains
  Josephine (D:15)
  3 deep elf high priests (Elf:3)
  A great orb of eyes (Vaults:3)
  6 vault guards
  3 hydras
  A rakshasa (Vaults:2)
  3 merfolk avatars
  2 ice dragons
  4 merfolk aquamancers
  4 centaur warriors
  A catoblepas (Shoals:2)
  21 two-headed ogres
  Erica (Orc:1)
  12 ogre magi
  6 satyrs
  26 dancing weapons
  2 deep troll shamans (Vaults:1)
  4 death knights
  15 death yaks
  7 orc high priests
  A small abomination (Elf:3)
  29 deep elf knights
  Sonja (D:11)
  An iron troll (D:14)
  6 skeletal warriors
  4 deep trolls
  A flayed ghost (Vaults:1)
  A glowing orange brain (Vaults:1)
  An unseen horror (Vaults:1)
  7 sea snakes
  A swamp dragon (shapeshifter) (Vaults:3)
  15 deep elf archers
  8 ironbrand convokers
  77 deep elf magi
  23 orc knights
  A phantasmal warrior (D:14)
  4 wizards
  16 harpies
  2 lindwurms
  36 wolf spiders
  15 orb spiders
  A salamander (D:15)
  A necromancer (D:14)
  37 fauns
  4 cyclopes
  26 ugly things
  4 orc sorcerers
  16 manticores
  4 moths of wrath
  2 centaur zombies
  4 black mambas
  2 gargoyles (Vaults:3)
  7 vault sentinels
  5 water nymphs
  10 merfolk sirens
  8 elephants (Lair:4)
  2 torpor snails
  Psyche (D:10)
  3 molten gargoyles (Lair:6)
  2 spiny frogs (Lair:2)
  The ghost of blubbertyp the Martial Artist, a novice OpTm (D:5)
  30 yaktaurs
  9 komodo dragons
  17 demonic crawlers
  7 freezing wraiths
  8 trolls
  24 merfolk
  A merfolk (shapeshifter) (Vaults:1)
  39 jumping spiders
  3 meliai (D:15)
  2 polar bears (Lair:4)
  7 wind drakes
  10 hornets
  10 slime creatures
  A raiju (shapeshifter) (Elf:2)
  12 blink frogs
  10 hippogriffs
  9 snapping turtles
  89 redbacks
  18 tarantellas
  A shadow (D:13)
  A tarantella (shapeshifter) (Vaults:1)
  11 water elementals
  6 air elementals (Elf:3)
  3 wyverns
  10 wraiths
  7 hogs
  21 yaks
  2 fire elementals (Elf:2)
  6 basilisks
  A human (D:11)
  Grum (D:10)
  A steam dragon (Lair:6)
  2 vampires
  A basilisk (shapeshifter) (Vaults:1)
  2 hungry ghosts (D:15)
  2 vampire mosquitoes (Elf:1)
  4 wargs
  4 acid dragons
  3 hell hounds (Lair:6)
  4 water moccasins
  10 porcupines
  A floating eye (Elf:3)
  A floating eye (shapeshifter) (Vaults:1)
  6 ice beasts
  4 sky beasts
  56 orc warriors
  A hornet zombie (D:14)
  An eye of draining (D:14)
  31 ogres
  4 wolves (D:10)
  4 boggarts (Vaults:3)
  A black bear (D:7)
  A phantom (D:9)
  7 crocodiles
  14 centaurs
  7 big kobolds
  8 earth elementals
  A gnoll sergeant (D:11)
  14 bullfrogs
  A wyvern zombie (D:13)
  2 scorpions
  A troll zombie (D:9)
  12 killer bees
  16 wights
  4 electric eels
  5 crimson imps
  5 lava snakes (Lair:6)
  A human simulacrum (Vaults:1)
  A quasit (D:9)
  2 bullfrog zombies
  2 bullfrog skeletons (D:9)
  11 jellies
  40 orc priests
  4 hounds
  4 human zombies (D:9)
  6 centaur skeletons
  2 human skeletons (D:9)
  Crazy Yiuf (D:2)
  5 hell rats (Lair:1)
  7 iguanas
  23 orc wizards
  8 worker ants
  2 hound skeletons
  2 mummies (D:9)
  3 gnolls (D:11)
  18 adders
  15 river rats
  5 shadow imps
  6 oozes
  An adder zombie (D:7)
  3 worms
  2 dart slugs
  4 leopard geckos
  129 orcs
  A bat (shapeshifter) (Vaults:2)
  3 giant cockroaches
  11 goblins
  6 hobgoblins
  7 jackals
  36 kobolds
  8 quokkas
  7 ball pythons (Sewer)
  A ball python skeleton (D:4)
  5 bats
  11 frilled lizards
  A leopard gecko skeleton (D:9)
  A leopard gecko zombie (D:7)
  2 quokka skeletons
  41 rats
  A spectral orc (D:3)
  A butterfly (Lair:3)
  A crawling corpse (Elf:3)
  A fire vortex (D:13)
  2 fungi (Lair:6)
  10 plants (Shoals:4)
1715 creatures vanquished.

Vanquished Creatures (collateral kills)
  An alligator snapping turtle (Shoals:4)
  A slime creature (D:14)
  A merfolk siren (Shoals:4)
  A wind drake (Shoals:4)
  A redback (Spider:2)
5 creatures vanquished.

Vanquished Creatures (others)
  A deep elf master archer (Elf:3)
  4 merfolk javelineers
  A merfolk impaler (Shoals:4)
  2 yaktaur captains
  3 satyrs
  A dancing weapon (Elf:2)
  5 centaur warriors
  A merfolk aquamancer (Shoals:4)
  4 deep elf archers
  An ironbrand convoker (Vaults:3)
  A harpy (Shoals:4)
  An orc knight (Vaults:1)
  6 fauns
  A manticore (Shoals:3)
  4 yaktaurs
  2 merfolk
  3 humans (Elf:1)
  An orc warrior (Vaults:2)
  9 centaurs
  An orc wizard (D:5)
  3 fungi
  21 plants
  4 tentacles (Shoals:4)
80 creatures vanquished.

Grand Total: 1800 creatures vanquished

Notes
Turn   | Place    | Note
-------+----------+-------------------------------------------
     0 | D:1      | Octomaniac the Gargoyle Fighter began the quest for the Orb.
     0 | D:1      | Reached XP level 1. HP: 14/14 MP: 1/1
    96 | D:1      | Reached XP level 2. HP: 16/19 MP: 2/2
   606 | D:1      | Reached XP level 3. HP: 23/23 MP: 3/3
   729 | D:2      | Found a runed door.
   774 | D:2      | Noticed Crazy Yiuf
   778 | D:2      | Killed Crazy Yiuf
  1059 | D:2      | Reached XP level 4. HP: 27/28 MP: 4/4
  1904 | D:3      | Reached skill level 5 in Maces & Flails
  1904 | D:3      | Reached XP level 5. HP: 16/32 MP: 5/5
  2607 | D:3      | Found a snail-covered altar of Cheibriados.
  2970 | D:3      | Found a basalt altar of Yredelemnul.
  3420 | D:4      | Found a bloodstained altar of Trog.
  3467 | D:4      | Noticed Grinder
  3468 | D:4      | Noticed a phantom
  3990 | D:4      | Got a brightly glowing cloak
  4001 | D:4      | Identified the +1 cloak "Sorysk" {rN+ Str+4 Dex-4} (You found it on level 4 of the Dungeon)
  4051 | D:4      | Reached XP level 6. HP: 37/37 MP: 6/6
  4679 | D:4      | Found a roughly hewn altar of Beogh.
  4708 | D:4      | Reached XP level 7. HP: 40/41 MP: 7/7
  4908 | D:5      | Entered Level 5 of the Dungeon
  4914 | D:5      | Found a glowing drain.
  4952 | Sewer    | Entered a sewer
  5670 | Sewer    | Reached skill level 5 in Armour
  5670 | Sewer    | Reached skill level 5 in Shields
  5891 | D:5      | Noticed blubbertyp's ghost (novice OpTm)
  5911 | D:5      | Killed blubbertyp's ghost
  5911 | D:5      | Reached XP level 8. HP: 39/46 MP: 8/8
  6181 | D:5      | Found a shadowy altar of Dithmenos.
  7016 | D:6      | Found an opulent altar of Gozag.
  7575 | D:6      | Found a deep blue altar of Sif Muna.
  7740 | D:7      | Reached XP level 9. HP: 45/51 MP: 9/9
  7976 | D:7      | Found a staircase to the Ecumenical Temple.
  7994 | Temple   | Entered the Ecumenical Temple
  8198 | D:7      | Got an ichor-stained shield
  8209 | D:7      | Identified the +5 shield "Deschaoha" {rPois Dex+4} (You found it on level 7 of the Dungeon)
  8599 | D:8      | Noticed a two-headed ogre
  8806 | D:8      | Killed a two-headed ogre
  8808 | D:8      | Reached XP level 10. HP: 38/56 MP: 10/10
  8929 | D:8      | Noticed a two-headed ogre
  9175 | D:9      | Reached skill level 10 in Maces & Flails
  9446 | D:9      | Found a runed door.
  9446 | D:9      | Found a glowing golden altar of the Shining One.
  9446 | D:9      | Noticed an angel
  9560 | D:9      | Noticed a two-headed ogre
  9589 | D:8      | Found a stormy altar of Qazlal.
  9589 | D:8      | Found a hide-covered altar of Uskayaw.
  9599 | D:8      | Became a worshipper of Qazlal Stormbringer
  9623 | D:9      | Killed a two-headed ogre
  9770 | D:9      | Found an ancient bone altar of Kikubaaqudgha.
 10109 | D:9      | Got a smoking ring mail
 10120 | D:9      | Identified the cursed +1 ring mail of the Teacher {+Blink rF+ Str+2} (You found it on level 9 of the Dungeon)
 10410 | D:10     | Entered Level 10 of the Dungeon
 10457 | D:10     | Reached * piety under Qazlal
 10517 | D:10     | Noticed a centaur warrior
 10530 | D:10     | Killed a centaur warrior
 10725 | D:10     | Reached XP level 11. HP: 58/60 MP: 11/11
 10740 | D:10     | Reached skill level 10 in Armour
 10740 | D:10     | Reached skill level 10 in Shields
 11014 | D:10     | Noticed Grum
 11028 | D:10     | Killed Grum
 11067 | D:10     | Noticed Psyche
 11084 | D:10     | Killed Psyche
 11093 | D:10     | Reached ** piety under Qazlal
 11130 | D:10     | Found a staircase to the Lair.
 11287 | Lair:1   | Entered Level 1 of the Lair of Beasts
 12033 | Lair:1   | Reached *** piety under Qazlal
 12302 | Lair:2   | Noticed a death yak
 12303 | Lair:2   | Noticed a death yak
 12304 | Lair:2   | Noticed a death yak
 12304 | Lair:2   | Noticed a death yak
 12312 | Lair:2   | Noticed a death yak
 12329 | Lair:1   | Killed a death yak
 12411 | Lair:1   | Killed a death yak
 12418 | Lair:1   | Killed a death yak
 12418 | Lair:1   | Reached XP level 12. HP: 35/64 MP: 12/12
 12571 | Lair:2   | Killed a death yak
 12571 | Lair:2   | Reached skill level 1 in Invocations
 12578 | Lair:2   | Killed a death yak
 13157 | Lair:2   | Found a staircase to the Shoals.
 13160 | Lair:2   | Reached skill level 2 in Invocations
 13322 | Lair:3   | Found a hole to the Spider Nest.
 13402 | Lair:3   | Reached skill level 3 in Invocations
 14077 | Lair:4   | Noticed a death yak
 14082 | Lair:4   | Noticed a death yak
 14086 | Lair:4   | Noticed a death yak
 14326 | Lair:4   | Noticed a death yak
 14326 | Lair:4   | Noticed a death yak
 14327 | Lair:4   | Noticed a death yak
 14335 | Lair:4   | Noticed a death yak
 14345 | Lair:4   | Killed a death yak
 14345 | Lair:4   | Reached skill level 4 in Invocations
 14355 | Lair:4   | Killed a death yak
 14358 | Lair:4   | Killed a death yak
 14363 | Lair:4   | Killed a death yak
 14363 | Lair:4   | Reached skill level 5 in Invocations
 14363 | Lair:4   | Reached XP level 13. HP: 68/68 MP: 16/16
 14396 | Lair:4   | Reached **** piety under Qazlal
 14621 | Lair:4   | Reached skill level 6 in Invocations
 15926 | Lair:6   | Entered Level 6 of the Lair of Beasts
 16044 | Lair:6   | Reached skill level 7 in Invocations
 16449 | Lair:6   | Found a staircase to the Slime Pits.
 16477 | Lair:6   | Got a pitted scythe
 16483 | Lair:6   | Identified the cursed +2 scythe of Uweshieq {flame, MR+ Str-5 Dex+2 Stlth+} (You found it on level 6 of the Lair of Beasts)
 17093 | Lair:6   | Found a large runed door.
 17146 | Lair:6   | Found a large runed door.
 17218 | Lair:6   | Noticed a fire dragon
 17230 | Lair:6   | Killed a fire dragon
 17230 | Lair:6   | Reached skill level 1 in Dodging
 17230 | Lair:6   | Reached skill level 8 in Invocations
 17331 | Lair:6   | Upgraded the game from 0.22-a0-369-gc73351f94e to 0.22-a0-374-g5dfd9e3911
 17506 | D:11     | Found a staircase to the Orcish Mines.
 17843 | D:11     | Found a roughly hewn altar of Beogh.
 17918 | D:11     | Reached ***** piety under Qazlal
 17932 | D:11     | Gained mutation: Your large and strong wings let you fly indefinitely. [Gargoyle growth]
 17932 | D:11     | Reached XP level 14. HP: 73/74 MP: 20/20
 17999 | D:11     | Noticed Sonja
 18015 | D:11     | Killed Sonja
 18298 | D:11     | Found a runed door.
 18304 | D:11     | Noticed a stone giant
 18305 | D:11     | Noticed a fire giant
 18319 | D:11     | Killed a fire giant
 18335 | D:11     | Killed a stone giant
 18358 | D:11     | Got a scintillating bronze ring
 18374 | D:11     | Identified the ring "Ynear" {+Inv rElec Int-5 SInv Stlth-} (You took it off a fire giant on level 11 of the Dungeon)
 18436 | Orc:1    | Entered Level 1 of the Orcish Mines
 18549 | Orc:1    | Found a transporter.
 18680 | Orc:1    | Noticed Erica
 18718 | Orc:1    | Killed Erica
 18718 | Orc:1    | Reached skill level 9 in Invocations
 18944 | Orc:2    | Entered Level 2 of the Orcish Mines
 18944 | Orc:2    | Found Lazipir's Magic Scroll Shoppe.
 18983 | Orc:2    | Bought a scroll of identify for 30 gold pieces
 18983 | Orc:2    | Bought a scroll of enchant weapon for 112 gold pieces
 19013 | Orc:2    | Found a labyrinth entrance.
 19017 | Orc:2    | Found Osazir's Armour Shop.
 19053 | Lab      | Entered a labyrinth
 19474 | Lab      | Got a smoking glaive {holy}
 19505 | Orc:2    | Found a staircase to the Elven Halls.
 20279 | Orc:2    | Found Siediec's Jewellery Shoppe.
 20555 | Orc:2    | Found Dopnihics's Antique Weapon Shop.
 21134 | Orc:2    | Found Heajioly's Weapon Shop.
 21134 | Orc:2    | Found Otadidgh's Jewellery Shop.
 21135 | Orc:2    | Found Kilisy Tiddo's Assorted Antiques.
 21135 | Orc:2    | Found Yqinifiw's Assorted Antiques.
 21153 | Orc:2    | Bought a steaming iron ring for 145 gold pieces
 21154 | Orc:2    | Identified the ring of Zibar {rElec rN+ EV+5 Dex+2} (You bought it in a shop on level 2 of the Orcish Mines)
 21156 | Orc:2    | Bought the ring of Tempters {rN+ Str+4 Int-2 SInv Stlth+} for 398 gold pieces
 21156 | Orc:2    | Bought a +3 amulet of reflection for 188 gold pieces
 21156 | Orc:2    | Bought the ring of Xuaply Ofyu {rF+ Int+4 Dex+3} for 457 gold pieces
 21204 | Orc:2    | Bought a brightly glowing mace for 216 gold pieces
 21204 | Orc:2    | Identified the +7 mace of Qiuclov {elec, +Blink rPois Str+3} (You bought it in a shop on level 2 of the Orcish Mines)
 21409 | D:12     | Reached skill level 10 in Invocations
 21454 | D:12     | Got an ichor-stained shield
 21481 | D:12     | Identified the +5 shield of Vehumet's Regard {rF++ MR+ Str+3 Int-5} (You found it on level 12 of the Dungeon)
 22022 | D:12     | Reached ****** piety under Qazlal
 22316 | D:12     | Found a roughly hewn altar of Beogh.
 22519 | D:13     | Reached XP level 15. HP: 78/78 MP: 22/22
 22632 | D:13     | Reached skill level 5 in Dodging
 23326 | D:14     | Found a gate to the Vaults.
 23839 | D:15     | Entered Level 15 of the Dungeon
 24251 | D:15     | Noticed Agnes
 24263 | D:15     | Killed Agnes
 24263 | D:15     | Reached skill level 5 in Fighting
 24395 | D:15     | Found Nooriant's Gadget Boutique.
 24428 | D:15     | Reached skill level 11 in Invocations
 24566 | D:15     | Noticed Josephine
 24572 | D:15     | Killed Josephine
 24575 | D:15     | Reached skill level 15 in Armour
 24575 | D:15     | Reached skill level 15 in Shields
 24782 | D:15     | Found an opulent altar of Gozag.
 24887 | D:15     | Found a staircase to the Depths.
 25125 | Orc:2    | Bought the ring of the Death Scarab {rC+ EV+3 Stlth+} for 642 gold pieces
 25178 | Elf:1    | Entered Level 1 of the Elven Halls
 25343 | Elf:1    | Reached XP level 16. HP: 90/90 MP: 21/24
 25614 | Elf:1    | Noticed Kirke
 25623 | Elf:1    | Reached skill level 12 in Invocations
 25630 | Elf:1    | Killed Kirke
 25853 | Elf:1    | You are sucked into a shaft!
 26776 | Elf:2    | Reached skill level 13 in Invocations
 26794 | Elf:2    | Found a runed gate.
 26794 | Elf:2    | Found a runed gate.
 26856 | Elf:2    | Found a runed gate.
 26911 | Elf:2    | Found Komn's Assorted Antiques.
 27430 | Elf:2    | Reached skill level 10 in Fighting
 27436 | Elf:2    | Reached XP level 17. HP: 89/102 MP: 27/27
 27883 | Elf:3    | Entered Level 3 of the Elven Halls
 28118 | Elf:3    | Noticed a deep elf blademaster
 28122 | Elf:3    | Noticed a deep elf blademaster
 28122 | Elf:3    | Killed a deep elf blademaster
 28122 | Elf:3    | Killed a deep elf blademaster
 28130 | Elf:3    | Reached skill level 14 in Invocations
 28135 | Elf:3    | Noticed an Executioner
 28140 | Elf:3    | Noticed a Hell Sentinel
 28141 | Elf:3    | Noticed a Hell Sentinel
 28466 | Elf:3    | Noticed a deep elf blademaster
 28487 | Elf:2    | Killed a deep elf blademaster
 28733 | Elf:3    | Reached skill level 10 in Dodging
 28970 | Elf:3    | Paralysed by a floating eye for 4 turns
 29379 | Elf:3    | Reached XP level 18. HP: 101/112 MP: 29/29
 29419 | Elf:3    | Reached skill level 15 in Invocations
 29743 | Elf:3    | Noticed a deep elf blademaster
 29762 | Elf:3    | Killed a deep elf blademaster
 29784 | Elf:3    | Noticed a deep elf master archer
 29807 | Elf:3    | Killed a deep elf master archer
 29834 | Elf:3    | Got a smoking bronze ring
 29846 | Elf:3    | Got a clouded bronze ring
 29868 | Elf:3    | Got a steaming diamond amulet
 29903 | Elf:3    | Reached skill level 16 in Invocations
 30187 | Elf:2    | Identified the ring "Wiruteot" {*Corrode rF++ MR+ EV+2 Int+3} (You took it off a deep elf sorcerer on level 3 of the Elven Halls)
 30189 | Elf:2    | Identified the ring "Muufid" {Str+6 Int-4 Dex+3} (You took it off a deep elf annihilator on level 3 of the Elven Halls)
 30193 | Elf:2    | Identified the amulet of Faineh {Harm *Drain Str+3 Int+2} (You took it off a deep elf demonologist on level 3 of the Elven Halls)
 30269 | Elf:3    | Got a bloodstained double sword {slice}
 30270 | Elf:3    | Identified the +6 double sword "Nelemmito" {slice, rElec rF++ SInv Stlth-} (You took it off a deep elf demonologist on level 3 of the Elven Halls)
 30518 | Elf:3    | Identified the Incunabulum of the Entourage
 30558 | Elf:3    | Identified the Tome of Spatial Flames
 31187 | Shoals:1 | Entered Level 1 of the Shoals
 32423 | Shoals:2 | Noticed deadlypig's ghost (adept HOFi)
 32446 | Shoals:2 | Killed deadlypig's ghost
 32482 | Shoals:2 | Reached XP level 19. HP: 116/116 MP: 31/31
 32740 | Shoals:2 | Reached skill level 17 in Invocations
 32761 | Shoals:2 | Noticed Polyphemus
 32789 | Shoals:2 | Killed Polyphemus
 34232 | Shoals:4 | Entered Level 4 of the Shoals
 35053 | Shoals:4 | Noticed Ilsuiw
 35074 | Shoals:4 | Reached skill level 18 in Invocations
 35314 | Shoals:4 | Killed Ilsuiw
 35431 | Shoals:4 | Got a vibrating marble ring
 35687 | Shoals:4 | Got a barnacled rune of Zot
 36037 | Shoals:4 | Got a steaming morningstar
 36038 | Shoals:4 | Identified the +1 morningstar of Reinforcement {protect, *Corrode +Inv rElec rPois} (You found it on level 4 of the Shoals)
 36300 | Spider:1 | Entered Level 1 of the Spider Nest
 36398 | Spider:1 | Reached XP level 20. HP: 122/122 MP: 33/33
 36497 | Spider:1 | Reached skill level 15 in Maces & Flails
 36657 | Spider:2 | Noticed Arachne
 36673 | Spider:2 | Killed Arachne
 37959 | Spider:2 | Identified the ring "Cutilyr" {*Corrode +Inv rC+ Str+4 Dex+5} (You found it on level 4 of the Shoals)
 38650 | Spider:4 | Entered Level 4 of the Spider Nest
 39140 | Spider:4 | Reached skill level 19 in Invocations
 40458 | Spider:4 | Got a gossamer rune of Zot
 40790 | Vaults:1 | Entered Level 1 of the Vaults
 40834 | Vaults:1 | Reached XP level 21. HP: 55/127 MP: 26/34
 41088 | Vaults:1 | Got a sparkling turquoise ring
 41102 | Vaults:1 | Identified the ring of Teniall {Wiz Slay+2} (You found it on level 1 of the Vaults)
 41522 | Vaults:1 | Reached skill level 15 in Dodging
 41582 | Vaults:1 | Reached skill level 20 in Invocations
 42880 | Vaults:2 | Reached skill level 21 in Invocations
 43691 | Vaults:2 | Reached XP level 22. HP: 59/132 MP: 36/36
 43696 | Vaults:2 | Reached skill level 22 in Invocations
 44180 | Vaults:2 | Upgraded the game from 0.22-a0-374-g5dfd9e3911 to 0.22-a0-377-g846bec1a06
 44185 | Vaults:2 | Noticed Bai Suzhen
 44207 | Vaults:2 | Killed Bai Suzhen
 45137 | Vaults:2 | Found Suddiz's Antique Weapon Boutique.
 45546 | Vaults:3 | Reached skill level 23 in Invocations
 45760 | Vaults:3 | Identified Famipl Timn's Disquisition on Stones
 45958 | Vaults:3 | Found a basalt altar of Yredelemnul.
 46434 | Vaults:3 | Noticed Jorgrun
 46444 | Vaults:3 | Reached skill level 24 in Invocations
 46448 | Vaults:3 | Killed from afar by Jorgrun

Vault maps used:
D:1:      dpeg_arrival_rooms_b, amethyst_killhole
D:2:      grunt_decor_cap, uniq_crazy_yiuf_cottage
D:3:      cheibriados_altar_1, yredelemnul_forgotten_temple_becter
D:4:      bloody_trog, first_ration, kennysheep_small_spiral,
          kennysheep_orc_chapel, uniq_grinder
D:5:      cheibrodos_sewer_entry_bend, enter_ossuary_5, minivault_11,
          grunt_dithmenos_smoke
D:6:      lemuel_crystal_altar, led_sif_pool
D:7:      minmay_temple_entry_grid
D:8:      nicolae_overflow_hidden_temple
D:9:      lemuel_mausoleum_altar_kikubaaqudgha, lemuel_angel_altar
D:10:     lair_entry_dummy, serial_glass, glass_columns_b, glass_columns_b,
          uniq_psyche, uniq_grum
D:11:     minmay_orc_entry_temple_small, grunt_livestock, minivault_13,
          uniq_sonja
D:12:     special_room
D:13:     nicolae_lava_and_water
D:14:     david_vaults_4, interstate_on_off
D:15:     hangedman_depths_entry_try_elsewhere_first, serial_corexii_hall,
          corexii_hall_statues_i, corexii_hall_statues_t,
          corexii_hall_statues_deadend, corexii_hall_statues_x,
          nicolae_gozag_seed_capital, serial_shops, shop, uniq_agnes,
          uniq_josephine
Temple:   regret_index_temple_waves
Lair:1:   lemuel_ratsnest, grunt_megastairs_2, infiniplex_staircase_pool
Lair:2:   minmay_shoals_entry_centaurs
Lair:3:   spider_nest_entry_funnel_web, lemuel_fruit_fields
Lair:4:   grunt_forest_stairs_basic, beast_lair_carwin_3
Lair:6:   cheibrodos_lair_end_hotspot, nicolae_slime_entry_slimehenge
Shoals:2: uniq_polyphemus
Shoals:4: shoals_end_grunt_garden, shoals_ilsuiw_ice,
          nicolae_shoals_arrival_archipelago
Spider:2: uniq_arachne
Spider:3: nicolae_spider_mines_3
Spider:4: spider_rune_water, spider_trap
Orc:1:    gammafunk_beogh_shrine, uniq_erica
Orc:2:    st_orc_pillars, lab_entry_generic, serial_shops, nicolae_shop_stone,
          shop_coins, shop_fountains, shop
Elf:1:    eino_elf_arrival_sip, minmay_elf_crystal_hexagon,
          einodemon_crawler_minivault, uniq_kirke
Elf:2:    serial_shops, nicolae_shop_window_shopping, library_closet,
          hangedman_elven_ridges
Elf:3:    minmay_elf_hall_hex, st_stairs_1, onia_ninara_cookie
Vaults:1: nicolae_vaults_little_ls, vaults_room_pools, hangedman_vaults_slice,
          nicolae_vaults_ninety_degrees, nicolae_vaults_network_periphery,
          st_squares, hangedman_vaults_corner, v_misc_26, v_misc_13,
          v_pattern_3, nicolae_vaults_asterisk, vaults_mumra_lcd,
          vaults_dpeg_encased_lava, serial_glass
Vaults:2: vaults_room_hangedman_quadrants, nicolae_vaults_big_ls,
          ontoclasm_vaults_pinch, v_misc_2, grunt_vaults_bifocal, v_misc_9,
          vaults_mumra_hex, v_misc_5, v_misc_2, serial_shops, shop_statue,
          uniq_bai_suzhen
Vaults:3: v_misc_33, minmay_crypt_entry_simple_sparse,
          nicolae_vaults_an_arrangement, vaults_room_pools,
          vaults_mumra_chevron, dpeg_vaults_monster_box,
          grunt_vaults_hallway_long, nicolae_vaults_little_squares_2,
          vaults_room_fours, vaults_standard_mumra_x, serial_hangedman_research,
          hangedman_research_geology, hangedman_research_thanatology,
          basic_altar, uniq_jorgrun
Sewer:    sewer_minmay_w

Skill      XL: |  1  2  3  4  5  6  7  8  9 10 11 12 13 14 15 16 17 18 19 20 21 22 |
---------------+-------------------------------------------------------------------+-----
Maces & Flails | 3 4 5 6 7 9 11 13 14 16 | 16.0
Armour         | 4 5 7 8 9 11 12 13 14 15 | 15.0
Shields        | 4 5 7 8 9 11 12 13 14 15 | 15.0
Invocations    | 5 8 10 11 13 14 16 18 19 21 24 | 24.0
Dodging        | 1 4 6 8 10 12 13 14 15 | 15.0
Fighting       | 6 10 12 | 12.2

Action                   |  1- 3 |  4- 6 |  7- 9 | 10-12 | 13-15 | 16-18 | 19-21 | 22-24 || total
-------------------------+-------+-------+-------+-------+-------+-------+-------+-------++-------
Melee: Flail             |    98 |   194 |    92 |   705 |  1526 |  1064 |  1908 |   579 ||  6166
       Morningstar       |       |    90 |   505 |       |       |       |       |       ||   595
Invok: Elemental Force   |       |       |       |       |     2 |       |     2 |     1 ||     5
       Upheaval          |       |       |       |       |     7 |     7 |     2 |       ||    16
       Disaster Area     |       |       |       |       |     1 |     7 |    10 |     4 ||    22
 Abil: Fly               |       |       |       |       |     2 |       |       |       ||     2
       Stop Flying       |       |       |       |       |     1 |       |       |       ||     1
  Use: Potion            |     1 |     2 |     8 |     2 |     2 |     1 |     3 |     2 ||    21
       Scroll            |     1 |     2 |     9 |     8 |    19 |    13 |     1 |       ||    53
 Stab: Invisible         |       |       |     3 |       |       |       |       |       ||     3
       Petrified         |       |       |       |       |       |       |     3 |       ||     3
       Distracted        |       |       |       |       |       |       |     1 |       ||     1
  Eat: Chunk             |       |     9 |    15 |    18 |    37 |    17 |    28 |     6 ||   130
       Ration            |       |     1 |       |       |       |     2 |     3 |     1 ||     7
Armor: Scale mail        |    57 |   112 |       |       |       |       |       |       ||   169
       Skin              |       |    10 |       |       |       |       |       |     1 ||    11
       Chain mail        |       |    21 |   430 |   131 |   205 |   192 |   606 |   106 ||  1691
       Plate armour      |       |       |    47 |    61 |       |       |       |       ||   108
       Ring mail         |       |       |       |       |     9 |       |       |       ||     9
Dodge: Dodged            |    27 |    66 |   171 |    74 |   142 |   180 |   825 |   138 ||  1623
       Deflected         |       |       |       |       |    11 |    26 |    34 |    12 ||    83
Block: Shield            |    52 |   126 |   387 |   497 |  1076 |  1078 |  2993 |   674 ||  6883
       Reflection        |       |       |       |       |    49 |   114 |   216 |    40 ||   419
       Other             |       |       |       |       |     1 |       |       |       ||     1

Table legend:
 A = Spawn XP
 B = Non-spawn XP
 C = Spawn XP percentage of total XP
 D = Spawn monster count
 E = Non-spawn monster count
 F = Spawn count percentage of total count
 G = Total turns spent on level
                    A         B        C        D         E        F      G
               +---------+---------+-------+---------+---------+-------+---------
         Total |       0 |  686599 |   0.0 |       0 |    1751 |   0.0 | 46448
               +---------+---------+-------+---------+---------+-------+---------
           D:1 |       0 |      34 |   0.0 |       0 |      21 |   0.0 |   650
           D:2 |       0 |     116 |   0.0 |       0 |      16 |   0.0 |  1385
           D:3 |       0 |      89 |   0.0 |       0 |      24 |   0.0 |  1596
           D:4 |       0 |     399 |   0.0 |       0 |      19 |   0.0 |  1277
           D:5 |       0 |     975 |   0.0 |       0 |      30 |   0.0 |  1165
           D:6 |       0 |     194 |   0.0 |       0 |      13 |   0.0 |   875
           D:7 |       0 |    1193 |   0.0 |       0 |      33 |   0.0 |   817
           D:8 |       0 |    1640 |   0.0 |       0 |      11 |   0.0 |   380
           D:9 |       0 |    3010 |   0.0 |       0 |      41 |   0.0 |  1252
          D:10 |       0 |    4556 |   0.0 |       0 |      42 |   0.0 |  1149
          D:11 |       0 |    8771 |   0.0 |       0 |      47 |   0.0 |  1156
          D:12 |       0 |    5358 |   0.0 |       0 |      48 |   0.0 |  1213
          D:13 |       0 |    3676 |   0.0 |       0 |      34 |   0.0 |   814
          D:14 |       0 |    8232 |   0.0 |       0 |      31 |   0.0 |  1241
          D:15 |       0 |   20854 |   0.0 |       0 |      48 |   0.0 |   951
        Lair:1 |       0 |    5951 |   0.0 |       0 |      53 |   0.0 |  1548
        Lair:2 |       0 |    3593 |   0.0 |       0 |      13 |   0.0 |  1159
        Lair:3 |       0 |    3783 |   0.0 |       0 |      15 |   0.0 |   761
        Lair:4 |       0 |   11730 |   0.0 |       0 |      24 |   0.0 |   981
        Lair:5 |       0 |    4005 |   0.0 |       0 |      14 |   0.0 |  1373
        Lair:6 |       0 |    9762 |   0.0 |       0 |      38 |   0.0 |  1085
      Shoals:1 |       0 |   17912 |   0.0 |       0 |      36 |   0.0 |  1023
      Shoals:2 |       0 |   21318 |   0.0 |       0 |      36 |   0.0 |   980
      Shoals:3 |       0 |   23039 |   0.0 |       0 |      43 |   0.0 |  1169
      Shoals:4 |       0 |   44380 |   0.0 |       0 |      79 |   0.0 |  1090
      Spider:1 |       0 |   10910 |   0.0 |       0 |      30 |   0.0 |   513
      Spider:2 |       0 |   25664 |   0.0 |       0 |      64 |   0.0 |  1459
      Spider:3 |       0 |   11865 |   0.0 |       0 |      29 |   0.0 |  1013
      Spider:4 |       0 |   44421 |   0.0 |       0 |     108 |   0.0 |  1231
         Orc:1 |       0 |    2548 |   0.0 |       0 |      16 |   0.0 |   563
         Orc:2 |       0 |   15327 |   0.0 |       0 |      98 |   0.0 |  2005
         Elf:1 |       0 |   23650 |   0.0 |       0 |      44 |   0.0 |  1412
         Elf:2 |       0 |   52470 |   0.0 |       0 |      82 |   0.0 |  2121
         Elf:3 |       0 |   94932 |   0.0 |       0 |      94 |   0.0 |  2471
      Vaults:1 |       0 |   67602 |   0.0 |       0 |     116 |   0.0 |  1946
      Vaults:2 |       0 |   76909 |   0.0 |       0 |     120 |   0.0 |  2326
      Vaults:3 |       0 |   54152 |   0.0 |       0 |      92 |   0.0 |   857
           Lab |       0 |    1223 |   0.0 |       0 |       1 |   0.0 |   428
         Sewer |       0 |     356 |   0.0 |       0 |      48 |   0.0 |   868
               +---------+---------+-------+---------+---------+-------+---------
